 Dungeon Crawl Stone Soup version 0.21-a0-536-gdbbf329 (webtiles) character file.

47 Gerstahl the Skirmisher (level 3, -2/30 HPs)
             Began as a Demonspawn Monk on Dec 15, 2017.
             Slain by a worm (10 damage)
             ... on level 2 of the Dungeon.
             The game lasted 00:02:09 (1343 turns).

Gerstahl the Skirmisher (Demonspawn Monk)           Turns: 1343, Time: 00:02:10

Health: -2/30      AC:  2    Str: 11    XL:     3   Next: 48%
Magic:  3/3        EV: 13    Int: 11    God:
Gold:   0          SH:  0    Dex: 16    Spells: 2/2 levels left

rFire    . . .     SeeInvis .   a - +0 falchion
rCold    . . .     Gourm    .   (no shield)
rNeg     . . .     Faith    .   b - +0 robe
rPois    .         Spirit   .   (no helmet)
rElec    .         Reflect  .   (no cloak)
rCorr    .         Harm     .   (no gloves)
MR       .....                  (no boots)
Stlth    ++........             (no amulet)
HPRegen  0.10/turn              (no ring)
MPRegen  0.08/turn              (no ring)

@: no status effects
A: demonic guardian 1, powered by pain 1
a: no special abilities


You were on level 2 of the Dungeon.
You were very hungry.

You visited 1 branch of the dungeon, and saw 2 of its levels.

Inventory:

Hand Weapons
 a - a +0 falchion (weapon)
Armour
 b - a +0 robe (worn)
Scrolls
 e - a scroll of remove curse {unknown}
 f - a scroll of identify {unknown}
 g - a scroll of immolation {unknown}
 h - a scroll of random uselessness {unknown}
Potions
 j - a potion of ambrosia {unknown}
Comestibles
 c - a bread ration
 d - a meat ration
 i - a royal jelly


   Skills:
 + Level 3.8 Fighting
 + Level 3.5 Long Blades
 - Level 2.6 Dodging
 - Level 1.7 Stealth


You had 2 spell levels left.
You didn't know any spells.

Dungeon Overview and Level Annotations

Branches:
Dungeon (2/15)

Altars:


Innate Abilities, Weirdness & Mutations

A weak demonic guardian rushes to your aid.
You sometimes gain a little power by taking damage.


Message History

The worm is heavily wounded.
You hit the worm.
The worm is severely wounded.
The worm bites you but does no damage.
You hit the worm.
The worm is almost dead.
The worm bites you.
You completely miss the worm.
The worm is almost dead.
You barely miss the worm.
The worm is almost dead.
The worm bites you!
* * * LOW HITPOINT WARNING * * *
You hit the worm but do no damage.
The worm is severely wounded.
The worm closely misses you.
You barely miss the worm.
The worm is severely wounded.
The worm bites you!
You die...

#####
##...##
#.....####
#........
#...w.#
######.@.#
.....$...#
#........#
#.####...#
# #..##
#..########
#..........
>.#
##.########
#.# #.# #.#
#


You could see a worm.

Vanquished Creatures
  Jessica (D:2)
  A worm (D:2)
  A leopard gecko (D:2)
  3 hobgoblins
  4 jackals (D:2)
  2 bats (D:1)
  A frilled lizard (D:1)
  2 kobolds (D:1)
  4 rats
19 creatures vanquished.

Notes
Turn   | Place    | Note
-------+----------+-------------------------------------------
     0 | D:1      | Gerstahl the Demonspawn Monk began the quest for the Orb.
     0 | D:1      | Reached XP level 1. HP: 18/18 MP: 1/1
   622 | D:1      | Gained mutation: You sometimes gain a little power by taking damage. [demonic ancestry]
   622 | D:1      | Reached XP level 2. HP: 23/24 MP: 2/2
   939 | D:2      | Noticed Jessica
  1047 | D:2      | Killed Jessica
  1047 | D:2      | Gained mutation: A weak demonic guardian rushes to your aid. [demonic ancestry]
  1047 | D:2      | Reached XP level 3. HP: 10/30 MP: 3/3
  1343 | D:2      | Slain by a worm

Vault maps used:
D:1:      co_arrival_square_in_a_square_in_a_square
D:2:      old_standard_altar, uniq_jessica

Skill      XL: |  1 |
---------------+----+-----
Long Blades    | 3 |  3.5
Fighting       | |  3.8
Dodging        | |  2.6
Stealth        | |  1.7

Action                   || total
-------------------------++-------
Melee: Falchion          ||    80
 Stab: Sleeping          ||     3
Armor: Robe              ||    11
Dodge: Dodged            ||    70
       Rpst.: Falchion   ||    22

Table legend:
 A = Spawn XP
 B = Non-spawn XP
 C = Spawn XP percentage of total XP
 D = Spawn monster count
 E = Non-spawn monster count
 F = Spawn count percentage of total count
 G = Total turns spent on level
                    A         B        C        D         E        F      G
               +---------+---------+-------+---------+---------+-------+---------
         Total |       0 |      68 |   0.0 |       0 |      19 |   0.0 |  1343
               +---------+---------+-------+---------+---------+-------+---------
           D:1 |       0 |      12 |   0.0 |       0 |      10 |   0.0 |   962
           D:2 |       0 |      56 |   0.0 |       0 |       9 |   0.0 |   381
               +---------+---------+-------+---------+---------+-------+---------
